 Dungeon Crawl Stone Soup version 0.29.1-15-g9cfb28693d (webtiles) character file.

Game seed: 13114304894354026608

4627 nshep25 the Thaumaturge (level 10, -9/52 HPs)
             Began as a Deep Elf Conjurer on Feb 28, 2023.
             Was a Priest of Vehumet.
             Killed from afar by Erica (20 damage)
             ... with a bolt of poison
             ... on level 8 of the Dungeon.
             The game lasted 00:28:31 (8155 turns).

nshep25 the Thaumaturge (Deep Elf Conjurer)         Turns: 8155, Time: 00:28:32

Health: -9/52      AC:  9    Str:  7    XL:     10   Next: 19%
Magic:  21/27      EV: 14    Int: 26    God:    Vehumet [***...]
Gold:   128        SH:  0    Dex: 15    Spells: 19/32 levels left

rFire   x . .      SeeInvis .   z - +4 quarterstaff (vorpal)
rCold   + . .      Faith    .   (shield currently unavailable)
rNeg    . . .      Spirit   .   a - +0 robe
rPois   .          Reflect  .   f - +2 helmet
rElec   .          Harm     .   A - +0 cloak
rCorr   .          Rampage  +   m - +2 pair of gloves
Will    +....                   (no boots)
Stlth   +.........              o - amulet of Jieth {RegenMP Rampage Str+3}
HPRegen 0.17/turn               n - ring of ice
MPRegen 0.60/turn               (no ring)

@: confused, lethally poisoned (-9 -> -22), slowed, very slow
A: no striking features
a: Renounce Religion


You were on level 8 of the Dungeon.
You worshipped Vehumet.
Vehumet was most pleased with you.
You visited 2 branches of the dungeon, and saw 9 of its levels.
You also visited: Ossuary.

You collected 403 gold pieces.
You spent 275 gold pieces at shops.

Inventory:

Hand Weapons
 p - a +0 quarterstaff
 z - a +4 vorpal quarterstaff (weapon)
Armour
 a - a +0 robe (worn)
 f - a +2 helmet (worn)
 l - a +0 pair of gloves
 m - a +2 pair of gloves (worn)
 A - a +0 cloak (worn)
Magical Staves
 y - a staff of poison
Jewellery
 b - an amulet of faith
 n - a ring of ice (left hand)
 o - the amulet of Jieth (around neck) {RegenMP Rampage Str+3}
   (You acquired it in an ossuary)

   [amulet of magic regeneration]

   It increases your rate of magic regeneration.
   Str:       It affects your strength (+3).
   Rampage:   It bestows one free step when moving towards enemies.
Wands
 q - a wand of flame (15)
 u - a wand of charming (8)
 v - a wand of mindburst (6)
 C - a wand of polymorph (7)
 F - a wand of digging (6)
Scrolls
 g - a scroll of enchant weapon
 h - 3 scrolls of poison
 E - 2 scrolls of fog
Potions
 c - 2 potions of attraction {unknown}
 d - 2 potions of mutation
 e - 3 potions of resistance
 i - 2 potions of berserk rage {unknown}
 j - 2 potions of curing
 k - a potion of degeneration {unknown}
 r - 2 potions of brilliance {unknown}
 s - a potion of cancellation {unknown}
 t - 2 potions of heal wounds
 w - a potion of haste {unknown}
 x - 2 potions of lignification
 B - a potion of ambrosia {unknown}
 D - a potion of magic


   Skills:
 + Level 1.3 Fighting
 + Level 2.2 Staves
 + Level 4.8 Dodging
 + Level 5.6 Stealth
 + Level 11.5 Spellcasting
 + Level 10.3 Conjurations
 + Level 2.7 Hexes
 + Level 2.7 Translocations
 * Level 3.5 Ice Magic
 * Level 3.8 Evocations


You had 19 spell levels left.
You knew the following spells:

 Your Spells              Type           Power      Damage    Failure   Level
a - Magic Dart            Conj           100%       1d8       1%          1
b - Searing Ray           Conj           100%       2d8       1%          2
c - Iskenderun's Mystic   Conj/Tloc      49%        2d11      1%          4
d - Fulminant Prism       Conj/Hex       24%        3d13      1%          4
e - Freeze                Ice            100%       1d11      1%          1
f - Sandblast             Erth           28%        2d8       1%          1

Your spell library contained the following spells:

 Spells                   Type           Power      Damage    Failure   Level
 Ignite Poison            Fire/Tmut/Pois 14%        N/A       3%          3
 Foxfire                  Conj/Fire      100%       2x1d9     1%          1
 Conjure Flame            Conj/Fire      41%        6-21      1%          3
 Dazzling Flash           Conj/Hex       98%        N/A       1%          3
 Inner Flame              Hex/Fire       22%        N/A       1%          3
 Flame Wave               Conj/Fire      41%        2d11      1%          4
 Ozocubu's Armour         Ice            50%        N/A       2%          3
 Metabolic Englaciation   Hex/Ice        23%        N/A       30%         5
 Petrify                  Tmut/Erth      14%        N/A       36%         4
 Ozocubu's Refrigeration  Ice            25%        4d13      86%         7
 Statue Form              Tmut/Erth      9%         N/A       99%         6


Dungeon Overview and Level Annotations

Branches:
Dungeon (8/15)             Temple (1/1) D:4         Ossuary (visited)
   Lair: D:8-11

Altars:
Ashenzari
Cheibriados
Dithmenos
Elyvilon
Fedhas
Gozag
Hepliaklqana
Kikubaaqudgha
Nemelex Xobeh
Okawaru
Qazlal
Sif Muna
Trog
Uskayaw
Vehumet
Wu Jian
Xom
Yredelemnul
Zin
The Shining One

Shops:
D:6 :=*:=

Annotations:
D:8 Erica


Message History

You erupt in a blast of force!
The mystic blast hits something!
Casting: Iskenderun's Mystic Blast (dangerous; 1% risk of failure)
Confirm with . or Enter, or press ? or * to list all spells.
You erupt in a blast of force!
The mystic blast hits something!
The mystic blast hits the wight!
The wight is severely damaged.
The wight is knocked back by the mystic blast.
The wight slams into the rock wall!
The wight is almost destroyed.
Casting: Iskenderun's Mystic Blast (dangerous; 1% risk of failure)
Confirm with . or Enter, or press ? or * to list all spells.
Aiming: Searing Ray (safe; 1% risk of failure)
Press: ? - help, Shift-Dir - straight line, f - wight
Aim: a wight, wielding a +5 scimitar and wearing a +0 robe (almost destroyed, 83% to hit)
The searing ray hits the wight.
You destroy the wight!
Vehumet accepts your kill.
Vehumet offers you knowledge of Ignite Poison.
You feel your power returning. (Press . to maintain the ray.)
A wight comes into view. It is wielding a +3 flail of freezing.
The searing ray hits something!
Something hits you. Something burns you.
The searing ray hits something!
You hear some strange, mumbled words.
Something tries to affect you, but you resist.
Something barely misses you.
The searing ray hits something!
The searing ray hits the wight!
The wight is heavily damaged.
You finish channelling your searing ray.
You hear some strange, mumbled words.
You are confused.
You bump into the rock wall.
Something hits you.
* * * LOW HITPOINT WARNING * * *
Something burns you.
* * * LOW HITPOINT WARNING * * *
You hear some strange, mumbled words.
A bolt of poison appears from out of thin air!
The bolt of poison hits you!!
You are lethally poisoned!
You die...

.. ....
....###
!....##
#.#.)##
#....###
#.!.z{@#
##.#..###
#..###?†...#
#....<####
#.....†<..#
.....†..#.#
#..###..#.#
.. #.## # #
#.


You could see a wight.

Vanquished Creatures
  Pikel (D:7)
  2 kobold demonologists (D:7)
  Grinder (D:5)
  A wyvern (D:7)
  3 yaks (D:5)
  Menkaure (D:5)
  A water moccasin (D:7)
  An ice beast (D:6)
  2 black bears
  An ogre (D:4)
  A centaur (D:4)
  A lemure (D:7)
  A phantom (D:5)
  Blork the orc (D:5)
  A bullfrog (D:4)
  5 scorpions
  A wight (D:8)
  4 water moccasin zombies (Ossuary)
  10 killer bees
  2 gnoll boudas (D:6)
  A jelly (D:7)
  An orc priest (D:4)
  Crazy Yiuf (D:5)
  8 hounds
  6 iguanas
  Ijyb (D:5)
  3 orc wizards (D:4)
  2 mummies (Ossuary)
  16 gnolls
  6 adders
  2 white imps (D:7)
  3 ufetubi
  5 adder zombies (Ossuary)
  A worm (D:2)
  A dart slug (D:2)
  10 orcs
  3 ball pythons
  4 bats
  7 endoplasms
  2 giant cockroaches
  4 gnoll zombies (Ossuary)
  4 goblins
  6 hobgoblins
  9 jackals
  8 kobolds
  5 quokkas
  15 frilled lizards
  2 hobgoblin zombies (Ossuary)
  5 kobold zombies (Ossuary)
  2 orc zombies (Ossuary)
  5 rats
189 creatures vanquished.

Vanquished Creatures (others)
  6 fulminant prisms
  2 fungi (D:5)
  5 plants (D:1)
13 creatures vanquished.

Grand Total: 202 creatures vanquished

Notes
Turn   | Place    | Note
-------+----------+-------------------------------------------
     0 | D:1      | nshep25 the Deep Elf Conjurer began the quest for the Orb.
     0 | D:1      | Reached XP level 1. HP: 10/10 MP: 6/6
   250 | D:1      | Reached XP level 2. HP: 6/15 MP: 0/8
   337 | D:1      | Learned a level 2 spell: Searing Ray
   564 | D:1      | Reached skill level 5 in Conjurations
   879 | D:1      | Reached XP level 3. HP: 19/19 MP: 7/9
  1102 | D:2      | Found a faded altar of an unknown god.
  1760 | D:2      | Reached XP level 4. HP: 24/24 MP: 9/11
  1859 | D:2      | Learned a level 4 spell: Iskenderun's Mystic Blast
  2230 | D:3      | Reached skill level 4 in Spellcasting
  2431 | D:3      | Found an opulent altar of Gozag.
  2431 | D:3      | Found a bloodstained altar of Trog.
  2510 | D:3      | Learned a level 4 spell: Fulminant Prism
  2526 | D:3      | Reached skill level 1 in Hexes
  2691 | D:3      | Reached XP level 5. HP: 28/28 MP: 5/13
  3293 | D:4      | Reached skill level 5 in Spellcasting
  3444 | D:4      | Reached XP level 6. HP: 31/32 MP: 8/15
  3554 | D:4      | Found a staircase to the Ecumenical Temple.
  3560 | Temple   | Entered the Ecumenical Temple
  3621 | Temple   | Became a worshipper of Vehumet
  4194 | D:4      | Reached skill level 6 in Spellcasting
  4350 | D:5      | Entered Level 5 of the Dungeon
  4394 | D:5      | Reached XP level 7. HP: 36/36 MP: 10/18
  4488 | D:5      | Noticed Ijyb
  4495 | D:5      | Killed Ijyb
  4645 | D:5      | Noticed Grinder
  4646 | D:5      | Paralysed by Grinder for 2 turns
  4651 | D:5      | Paralysed by Grinder for 2 turns
  4656 | D:5      | Killed Grinder
  4657 | D:5      | Reached skill level 7 in Spellcasting
  4949 | D:5      | Noticed Menkaure
  4950 | D:5      | Noticed a yak
  4952 | D:5      | Noticed a yak
  4952 | D:5      | Killed Menkaure
  4970 | D:5      | Noticed a yak
  4983 | D:5      | Killed a yak
  4984 | D:5      | Reached skill level 8 in Spellcasting
  4984 | D:5      | Reached XP level 8. HP: 31/41 MP: 14/22
  4994 | D:5      | Reached skill level 1 in Translocations
  5108 | D:5      | Noticed Blork the orc
  5113 | D:5      | Killed Blork the orc
  5114 | D:5      | Reached skill level 5 in Stealth
  5114 | D:5      | Reached skill level 9 in Spellcasting
  5676 | D:5      | Found a runed translucent door.
  5677 | D:5      | Noticed Crazy Yiuf
  5682 | D:5      | Killed Crazy Yiuf
  5742 | D:6      | Found Gericun's Book Boutique.
  5854 | D:6      | Reached * piety under Vehumet
  5854 | D:6      | Offered knowledge of Freeze by Vehumet.
  5857 | D:6      | Learned a level 1 spell: Freeze
  6171 | D:6      | Reached skill level 1 in Staves
  6171 | D:6      | Reached skill level 10 in Spellcasting
  6171 | D:6      | Reached XP level 9. HP: 46/46 MP: 2/25
  6380 | D:6      | Found Gualiqeado's Jewellery Boutique.
  6468 | D:6      | Found Reluedia's Assorted Antiques.
  6737 | D:6      | Found Nikhecseta's Jewellery Shoppe.
  6745 | D:6      | Bought a ring of ice for 275 gold pieces
  6757 | D:6      | Found Cokay's Book Emporium.
  7117 | D:7      | Noticed Pikel
  7127 | D:7      | Killed Pikel
  7127 | D:7      | Reached ** piety under Vehumet
  7127 | D:7      | Offered knowledge of Sandblast by Vehumet.
  7128 | D:7      | Reached skill level 1 in Ice Magic
  7128 | D:7      | Reached skill level 1 in Evocations
  7188 | D:7      | Noticed a kobold demonologist
  7192 | D:7      | Reached skill level 11 in Spellcasting
  7193 | D:7      | Noticed a kobold demonologist
  7199 | D:7      | Killed a kobold demonologist
  7200 | D:7      | Reached skill level 1 in Fighting
  7200 | D:7      | Reached skill level 10 in Conjurations
  7208 | D:7      | Noticed a sun demon
  7212 | D:7      | Killed a kobold demonologist
  7213 | D:7      | Reached XP level 10. HP: 8/52 MP: 4/27
  7216 | D:7      | HP: 2/52 [poisoned by a water moccasin]
  7401 | D:7      | Found a sand-covered staircase.
  7408 | D:7      | Identified the +8 chain mail of Zin's Pride {rC++ Int-4
                  | Dex+10 SInv}
  7411 | Ossuary  | Entered an ossuary
  7506 | Ossuary  | Learned a level 1 spell: Sandblast
  7513 | Ossuary  | Offered knowledge of Static Discharge by Vehumet.
  7637 | Ossuary  | Reached *** piety under Vehumet
  7782 | Ossuary  | Identified a scroll of acquirement
  7782 | Ossuary  | Acquired the amulet of Jieth {RegenMP Rampage Str+3}
  8130 | D:8      | Noticed Erica
  8151 | D:8      | Offered knowledge of Ignite Poison by Vehumet.
  8155 | D:8      | Killed from afar by Erica

Illustrated notes

Levels and vault maps discovered:
D:1:      dpeg_arrival_central, layout_rooms, minmay_lizard_king
D:2:      layout_loops_ring, basic_ecumenical_altar
D:3:      layout_basic, jmf_multi_god_temple
D:4:      layout_basic, minmay_temple_entry_hall
D:5:      layout_loops_cross, uniq_ijyb, uniq_menkaure, uniq_grinder,
          uniq_crazy_yiuf_cottage, uniq_blork_the_orc
D:6:      layout_cave_pools, serial_shops, nicolae_shop_waterfront,
          nicolae_shop_behind_doors, nicolae_diamond_shop,
          nicolae_take_the_stairs, serial_gnoll_camp, gnoll_camp_mini_basic,
          gnoll_camp_mini_loothouse, gnoll_camp_mini_shop,
          gnoll_camp_mini_house, gnoll_camp_mini_doghouse, hangedman_decor_push
D:7:      layout_rooms, nicolae_ossuary_entry_monument, minivault_23,
          nrook_campfire, uniq_pikel
D:8:      layout_loops_cross, makhleb_blood_cavern_becter, enter_bailey_5,
          uniq_erica, uniq_grum, uniq_prince_ribbit1
Temple:   nicolae_temple_two_arcs

Skill      XL: |  1  2  3  4  5  6  7  8  9 10 |
---------------+-------------------------------+-----
Conjurations   | 5 6 7 8 9 10 | 10.3
Spellcasting   | 4 5 6 8 10 11 | 11.5
Hexes          | 1 2 |  2.7
Stealth        | 3 4 5 |  5.6
Dodging        | 3 4 |  4.8
Translocations | 1 2 |  2.7
Staves         | 1 2 |  2.2
Ice Magic      | 3 |  3.5
Evocations     | 3 |  3.8
Fighting       | 1 |  1.3

Action                   |  1- 3 |  4- 6 |  7- 9 | 10-12 || total
-------------------------+-------+-------+-------+-------++-------
Melee: Quarterstaff      |       |       |    30 |    57 ||    87
 Cast: Magic Dart        |    82 |    75 |    81 |       ||   238
       Searing Ray       |     1 |     8 |    35 |     5 ||    49
       Fulminant Prism   |       |     2 |     3 |     1 ||     6
       Iskenderun's Myst |       |     1 |    17 |     7 ||    25
  Use: Scroll            |       |       |     9 |     6 ||    15
       Potion            |       |       |     3 |     2 ||     5
 Stab: Sleeping          |       |       |       |     4 ||     4
Armor: Robe              |     6 |    11 |    27 |    23 ||    67
Dodge: Dodged            |    10 |    14 |    44 |    50 ||   118
